Map: [ESL] Data-C

Players

PtitDrogo - Winner!

  • Race: Protoss Protoss
  • Spawn Location: 3:00

HateMe

  • Race: Zerg Zerg
  • Spawn Location: 9:00

Event: DreamHack SC2 Masters 2022 Atlanta (Online)

VOD

Have the link to the VOD?

Description

Time

  • Played on: Sept. 30, 2022, 1:01 p.m.
  • Length: 13:51

All games in this series

Show
View Real Time Build Order
Export as new Build Order

PtitDrogo Protoss - Winner!

Build Orders: 1 Gate Expand, Oracle Opening, Archon Immortal, Carriers 

Get SALT Encoding   

  12  0:00  Probe  
  13  0:12  Probe  
  14  0:19  Pylon  
  14  0:24  Probe  
  15  0:37  Probe (Chrono Boost)  
  15  0:40  Gateway  
  16  0:47  Probe (Chrono Boost)  
  17  0:50  Assimilator  
  17  0:52  Probe (Chrono Boost)  
  18  1:04  Probe  
  19  1:16  Probe  
  20  1:27  Nexus  
  20  1:37  Cybernetics Core  
  20  1:40  Probe  
  21  1:47  Assimilator  
  21  1:52  Probe  
  22  1:55  Pylon  
  22  2:04  Probe  
  23  2:10  Adept (Chrono Boost)  
  25  2:16  Probe  
  25  2:19  Stargate  
  26  2:28  Warp Gate  
  26  2:29  Probe (Chrono Boost)  
  27  2:33  Adept  
  29  2:40  Probe (Chrono Boost)  
  31  2:46  Probe (Chrono Boost)  
  31  2:49  Probe (Chrono Boost)  
  32  2:53  Probe (Chrono Boost)  
  32  2:54  Probe (Chrono Boost)  
  34  2:59  Oracle (Chrono Boost)  
  34  3:05  Probe  
  38  3:06  Probe  
  38  3:08  Pylon  
  39  3:15  Gateway  
  39  3:17  Probe  
  39  3:18  Probe  
  41  3:27  Oracle (Chrono Boost)  
  41  3:29  Probe  
  41  3:30  Probe  
  47  3:41  Probe  
  47  3:42  Probe  
  48  3:49  Nexus  
  48  3:52  Pylon  
  48  3:54  Probe  
  48  3:55  Probe  
  50  4:00  Oracle  
  53  4:07  Probe (Chrono Boost)  
  53  4:09  Assimilator  
  54  4:10  Probe (Chrono Boost), Assimilator  
  54  4:12  Pylon  
  54  4:16  Adept  
  57  4:19  Probe (Chrono Boost)  
  57  4:22  Probe (Chrono Boost)  
  59  4:27  Probe (Chrono Boost)  
  59  4:28  Probe (Chrono Boost)  
  61  4:33  Probe  
  61  4:36  Probe  
  61  4:37  Twilight Council, Forge  
  63  4:41  Robotics Facility  
  64  4:45  Probe  
  64  4:48  Probe (Chrono Boost)  
  64  4:51  Zealot x2  
  69  4:57  Pylon  
  70  5:02  Probe (Chrono Boost)  
  70  5:04  Probe (Chrono Boost)  
  70  5:06  Probe (Chrono Boost)  
  72  5:11  Probe (Chrono Boost)  
  72  5:12  Probe (Chrono Boost)  
  72  5:13  Protoss Ground Weapons Level 1, Charge, Probe (Chrono Boost)  
  75  5:17  Templar Archives  
  75  5:20  Probe (Chrono Boost)  
  76  5:21  Shield Battery  
  76  5:25  Probe (Chrono Boost)  
  76  5:28  Assimilator  
  78  5:29  Assimilator  
  78  5:30  Probe (Chrono Boost)  
  78  5:32  Probe (Chrono Boost)  
  78  5:34  Observer (Chrono Boost)  
  81  5:37  Probe x2 (Chrono Boost)  
  81  5:38  Probe (Chrono Boost)  
  83  5:43  Pylon  
  83  5:46  Probe x2  
  83  5:47  Psionic Storm  
  83  5:48  Warp Prism (Chrono Boost)  
  83  5:49  Gateway x2  
  85  5:54  Probe  
  88  6:04  Probe  
  89  6:06  Probe  
  89  6:07  Probe  
  89  6:10  Gateway  
  89  6:11  Gateway  
  91  6:12  Gateway  
  91  6:13  Gateway  
  91  6:16  Photon Cannon  
  91  6:21  Immortal (Chrono Boost)  
  91  6:23  Pylon  
  95  6:25  High Templar x2  
  99  6:38  Nexus  
  99  6:42  Pylon  
  99  6:45  Photon Cannon  
  99  6:46  High Templar x2  
  103  6:48  Shield Battery  
  103  6:50  Immortal (Chrono Boost)  
  107  6:55  Pylon  
  107  6:56  Pylon  
  107  7:14  High Templar x2  
  107  7:15  Zealot x4  
  113  7:16  Immortal (Chrono Boost)  
  113  7:18  Archon  
  113  7:19  Stalker x2  
  113  7:21  Photon Cannon  
  113  7:22  Protoss Ground Weapons Level 2 (Chrono Boost)  
  127  7:25  Pylon  
  127  7:27  Pylon  
  127  7:28  Probe x2  
  129  7:33  Probe  
  130  7:44  Zealot x5  
  138  7:48  Pylon  
  138  7:49  Pylon  
  138  7:51  Immortal (Chrono Boost)  
  138  7:52  Probe  
  143  7:59  Probe  
  143  8:01  Shield Battery, Photon Cannon  
  144  8:09  Gateway  
  144  8:11  Gateway  
  144  8:13  Gateway  
  144  8:15  High Templar x3  
  144  8:16  High Templar  
  144  8:17  Zealot x2  
  144  8:18  High Templar x2  
  144  8:19  Observer  
  160  8:21  Archon  
  160  8:22  Archon x2  
  152  8:46  Stalker x2  
  144  8:50  Zealot x6  
  144  8:54  Fleet Beacon  
  146  9:04  Blink (Chrono Boost)  
  144  9:10  Archon  
  144  9:13  Stalker x5  
  144  9:14  Stalker x2  
  144  9:27  Probe x2  
  144  9:29  Assimilator x2  
  144  9:30  Zealot, Immortal (Chrono Boost)  
  144  9:31  Shield Battery, Zealot x3, Photon Cannon x2  
  154  9:34  Mothership (Chrono Boost)  
  164  9:52  Probe (Chrono Boost)  
  165  10:05  Zealot x3  
  169  10:15  Stargate  
  169  10:17  Stargate  
  169  10:20  Pylon  
  169  10:22  Pylon  
  169  10:27  Pylon  
  169  10:28  Protoss Ground Weapons Level 3 (Chrono Boost), Pylon  
  169  10:30  Pylon  
  169  10:38  Stalker  
  169  10:39  Stalker  
  179  10:46  Carrier (Chrono Boost)  
  179  10:49  Zealot x6  
  191  10:56  Carrier (Chrono Boost)  
  197  11:06  Shield Battery, Photon Cannon  
  197  11:12  Stalker  
  197  11:13  Carrier (Chrono Boost)  
  173  11:34  Stalker  
  173  11:35  Stalker x10  
  177  11:44  Carrier (Chrono Boost)  
  177  11:45  Carrier (Chrono Boost)  
  187  12:03  Nexus  
  187  12:06  Pylon  
  187  12:07  High Templar x3  
  187  12:08  High Templar  
  195  12:13  Carrier (Chrono Boost)  
  194  12:35  High Templar  
  192  12:37  Nexus  
  192  12:38  Pylon  
  192  12:46  Zealot x4  
  200  13:01  Photon Cannon  
  200  13:02  Photon Cannon  
  200  13:04  Photon Cannon  
  200  13:06  Photon Cannon  
  200  13:09  Shield Battery  
  200  13:13  Assimilator  
  200  13:17  Assimilator  
  200  13:33  Zealot x5  
Show
View Real Time Build Order
Export as new Build Order

HateMe Zerg 

Build Orders: Hatch First, Swarm Host 

Get SALT Encoding   

  12  0:00  Drone  
  13  0:12  Overlord  
  13  0:18  Drone  
  14  0:31  Drone x2  
  16  0:48  Hatchery  
  15  0:53  Drone  
  15  0:55  Drone  
  17  0:59  Drone  
  18  1:14  Extractor  
  18  1:15  Spawning Pool  
  16  1:19  Drone  
  16  1:23  Drone  
  18  1:28  Drone  
  19  1:38  Drone  
  20  1:49  Overlord  
  20  2:02  Queen  
  20  2:05  Queen  
  20  2:06  Drone  
  20  2:07  Zergling x2  
  26  2:14  Zergling x2, Drone  
  28  2:15  Metabolic Boost  
  28  2:22  Drone  
  29  2:27  Drone  
  30  2:37  Hatchery  
  30  2:43  Drone  
  30  2:45  Drone  
  30  2:46  Overlord  
  30  2:49  Drone  
  32  2:57  Queen  
  34  3:00  Drone x2  
  35  3:07  Queen  
  35  3:11  Overlord  
  37  3:14  Drone x2  
  37  3:17  Drone  
  41  3:20  Drone  
  41  3:23  Drone x2  
  43  3:28  Spore Crawler  
  43  3:32  Queen  
  44  3:43  Queen, Drone  
  44  3:44  Drone  
  48  3:49  Spore Crawler  
  48  3:50  Queen  
  48  3:54  Drone x2  
  51  3:57  Drone  
  51  4:02  Drone  
  53  4:04  Overlord  
  53  4:10  Queen  
  53  4:14  Drone x2  
  57  4:18  Overlord  
  57  4:21  Evolution Chamber  
  57  4:22  Drone x4  
  60  4:25  Drone  
  60  4:27  Drone  
  60  4:31  Queen  
  62  4:36  Overlord  
  64  4:42  Drone x2  
  64  4:45  Overlord  
  66  4:47  Zerg Missile Weapons Level 1  
  66  4:51  Drone x2  
  66  4:52  Roach Warren  
  67  4:55  Drone x4  
  67  4:57  Drone  
  72  5:02  Lair  
  72  5:04  Drone x2  
  72  5:05  Drone  
  73  5:10  Queen  
  73  5:11  Spore Crawler  
  73  5:12  Drone  
  75  5:21  Drone x7, Extractor  
  76  5:22  Extractor  
  76  5:23  Extractor  
  76  5:25  Drone  
  76  5:27  Extractor  
  79  5:29  Extractor  
  79  5:31  Overlord x2  
  78  5:37  Drone x6  
  78  5:42  Drone x3  
  87  5:55  Overlord x2  
  87  5:56  Roach x3  
  93  5:59  Glial Reconstitution  
  93  6:01  Overseer, Hatchery  
  92  6:07  Roach x3  
  98  6:12  Roach x2  
  98  6:14  Overlord  
  98  6:16  Roach  
  98  6:17  Hatchery  
  103  6:20  Roach  
  103  6:21  Roach x2  
  108  6:30  Drone  
  108  6:31  Infestation Pit, Overlord x2  
  108  6:32  Roach x2  
  112  6:36  Roach x3  
  118  6:43  Zerg Missile Weapons Level 2  
  118  6:45  Overlord x2  
  118  6:55  Roach x6  
  130  7:16  Overlord x3  
  130  7:19  Swarm Host x5  
  130  7:22  Swarm Host x2  
  145  7:27  Overlord x2  
  151  7:31  Swarm Host x2  
  151  7:35  Swarm Host x2  
  163  7:42  Swarm Host  
  166  7:52  Roach x8  
  182  8:01  Roach x5  
  182  8:05  Roach x3  
  198  8:21  Roach  
  198  8:25  Spore Crawler  
  195  8:39  Roach x2  
  195  8:43  Nydus Network  
  195  8:48  Roach x4  
  200  9:00  Hydralisk Den, Baneling Nest  
  200  9:02  Roach x4  
  192  9:11  Burrow  
  192  9:14  Roach x13  
  188  9:20  Zergling x14  
  185  9:27  Nydus Canal  
  185  9:31  Roach x4  
  191  9:38  Roach x6  
  193  9:47  Roach x3  
  193  9:49  Grooved Spines  
  196  10:11  Roach  
  198  10:15  Centrifugal Hooks  
  198  10:17  Hydralisk x6, Roach x30  
  197  10:43  Drone x3  
  197  10:47  Drone x5  
  200  10:53  Hydralisk x3  
  200  11:01  Muscular Augments  
  200  11:04  Zerg Melee Weapons Level 1  
  198  11:15  Overseer  
  198  11:17  Spine Crawler x2  
  198  11:18  Spine Crawler  
  195  11:20  Hydralisk x2  
  199  11:32  Hydralisk x10  
  198  11:37  Hydralisk x3  
  188  11:43  Overseer x3  
  188  11:44  Pneumatized Carapace  
  188  11:46  Spire  
  188  11:47  Hydralisk  
  177  11:50  Hydralisk  
  175  11:54  Drone x3, Extractor  
  175  11:55  Drone x3, Extractor  
  179  12:02  Hydralisk x4  
  187  12:15  Hydralisk x2  
  191  12:29  Zergling x28  
  179  12:47  Overseer x6  
  179  12:48  Overlord x5  
  179  12:49  Overlord  
  171  12:51  Pathogen Glands  
  171  12:53  Baneling x15  
  171  12:54  Baneling x3  
  171  12:57  Overlord x2  
  171  13:04  Zergling x14  
  167  13:24  Zergling x32  
  182  13:31  Overseer x2  
Tags
 
Add a new tag
Caveats
  • Supply blocks, unpowered buildings, or Contaminate may cause inaccurate times.
  • Supply counts are checked every 10 seconds.